 Dungeon Crawl Stone Soup version 0.22.1-2-g9c5b331383 (webtiles) character file.

196518 Jerry the Tortoise (level 19, -2/137 HPs)
             Began as a Halfling Fighter on Nov 27, 2018.
             Was an Initiate of Gozag.
             Slain by an alligator (22 damage)
             ... led by an alligator
             ... on level 4 of the Swamp.
             The game lasted 02:32:48 (38843 turns).

Jerry the Tortoise (Halfling Fighter)              Turns: 38843, Time: 02:32:49

Health: -2/137     AC: 35    Str: 26    XL:     19   Next: 7%
Magic:  19/19      EV: 18    Int:  5    God:    Gozag
Gold:   3369       SH:  9    Dex: 16    Spells: 18/18 levels left

rFire    + + +     SeeInvis +   E - +4 scimitar (flame)
rCold    + + .     Gourm    .   Z - +3 buckler of the Journeyman {rF+++ Str+3 Int-3 SInv}
rNeg     . . .     Faith    .   n - +5 gold dragon scales
rPois    +         Spirit   .   i - +1 helmet
rElec    +         Reflect  .   h - scarf {repulsion}
rCorr    .         Harm     .   b - +2 pair of gloves
MR       +++..                  a - +1 pair of boots "Uthrotut" {Str+2 Dex+4}
Stlth    ..........             L - amulet of regeneration
HPRegen  0.72/turn              X - ring "Enisun" {rC+ MR++}
MPRegen  0.16/turn              T - ring "Etetz" {rElec Dex-4 Slay+4} (curse)

@: gold aura, repel missiles
A: small, mutation resistance 1
}: 1/15 runes: gossamer
a: Potion Petition, Call Merchant, Bribe Branch, Renounce Religion


You were on level 4 of the Swamp.
You worshipped Gozag.
Gozag was most pleased with you.
You were not hungry.

You visited 6 branches of the dungeon, and saw 32 of its levels.

You collected 11441 gold pieces.
You spent 2969 gold pieces at shops.
You paid 5103 gold pieces to Gozag.

Inventory:

Hand Weapons
 E - a +4 scimitar of flaming (weapon)
Armour
 a - the +1 pair of boots "Uthrotut" (worn) {Str+2 Dex+4}
   (You bought it in a shop on level 9 of the Dungeon)

   It affects your strength (+2).
   It affects your dexterity (+4).
 b - a +2 pair of gloves (worn)
 h - a scarf of repulsion (worn)
 i - a +1 helmet (worn)
 n - +5 gold dragon scales (worn)
 x - the +0 scale mail "Looxt" {-Cast rPois rN+++ Int-4}
   (You took it off an orc on level 4 of the Dungeon)

   It affects your intelligence (-4).
   It protects you from poison.
   It renders you almost immune to negative energy.
   It prevents spellcasting.
 Z - the +3 buckler of the Journeyman (worn) {rF+++ Str+3 Int-3 SInv}
   (You found it on level 2 of the Swamp)

   It affects your strength (+3).
   It affects your intelligence (-3).
   It renders you almost immune to fire.
   It lets you see invisible.
Jewellery
 g - an uncursed ring of resist corrosion
 L - an amulet of regeneration (around neck)
 R - the ring "Zuan" {rC+ Dex+7 SInv}
   (You bought it in a shop on level 9 of the Dungeon)

   [ring of see invisible]

   It affects your dexterity (+7).
   It protects you from cold.
   It lets you see invisible.
 T - the cursed ring "Etetz" (right hand) {rElec Dex-4 Slay+4}
   (You found it on level 2 of the Swamp)

   [ring of dexterity]

   It affects your dexterity (-4).
   It affects your accuracy and damage with ranged weapons and melee attacks
   (+4).
   It insulates you from electricity.
   It has a curse placed upon it.
 V - an uncursed ring of flight
 X - the ring "Enisun" (left hand) {rC+ MR++}
   (You found it on level 2 of the Swamp)

   [ring of protection from cold]

   It protects you from cold.
   It affects your resistance to hostile enchantments.
Wands
 c - a wand of enslavement (15)
 w - a wand of flame (116)
 G - a wand of scattershot (4)
 H - a wand of iceblast (26)
 I - a wand of acid (41)
 Q - a wand of paralysis (17)
 S - a wand of digging (33)
 U - a wand of clouds (2)
Scrolls
 d - 2 scrolls of amnesia
 j - a scroll of enchant weapon
 k - 9 scrolls of identify
 r - a scroll of acquirement
 s - 3 scrolls of magic mapping
 t - 9 scrolls of remove curse
 u - 8 scrolls of teleportation
 y - 2 scrolls of blinking
 A - 4 scrolls of fog
 F - 2 scrolls of enchant armour
 J - 2 scrolls of immolation
 K - 4 scrolls of fear
Potions
 e - 3 potions of mutation
 l - 15 potions of curing
 m - 3 potions of agility
 o - a potion of flight
 p - 6 potions of ambrosia
 q - 3 potions of brilliance
 v - 2 potions of resistance
 z - 2 potions of magic
 C - 3 potions of berserk rage
 M - 5 potions of might
 N - 3 potions of invisibility
 O - 2 potions of haste
 W - a potion of cancellation
Miscellaneous
 P - a lightning rod (4/4)
Comestibles
 f - 13 rations


   Skills:
 + Level 14.7 Fighting
 + Level 16.3 Long Blades
 + Level 17.0 Armour
 + Level 16.8 Dodging
 + Level 5.9 Stealth
 - Level 4.0 Shields


You had 18 spell levels left.
You didn't know any spells.
Your spell library contained the following spells:

 Spells                   Type           Power        Failure   Level  Hunger
 Confusing Touch          Hex            #.....       100%        1    ##.....
 Flame Tongue             Conj/Fire      #....        100%        1    ##.....
 Infusion                 Chrm           #...         100%        1    ##.....
 Shock                    Conj/Air       #...         100%        1    ##.....
 Sting                    Conj/Pois      #...         100%        1    ##.....
 Summon Small Mammal      Summ           #...         100%        1    ##.....
 Call Imp                 Summ           #.......     100%        2    ###....
 Poisonous Vapours        Pois/Air       #.....       100%        2    ###....
 Shroud of Golubria       Chrm/Tloc      #.........   100%        2    ###....
 Song of Slaying          Chrm           #.......     100%        2    ###....
 Swiftness                Chrm/Air       #.......     100%        2    ###....
 Call Canine Familiar     Summ           #.......     100%        3    ####...
 Mephitic Cloud           Conj/Pois/Air  #.......     100%        3    ####...
 Portal Projectile        Hex/Tloc       #.....       100%        3    ####...
 Regeneration             Chrm/Necr      #.........   100%        3    ####...
 Spectral Weapon          Hex/Chrm       #.......     100%        3    ####...
 Static Discharge         Conj/Air       #.......     100%        3    ####...
 Summon Guardian Golem    Hex/Summ       #.......     100%        3    ####...
 Airstrike                Air            #.........   100%        4    #####..
 Cause Fear               Hex            #.........   100%        4    #####..
 Olgreb's Toxic Radiance  Pois           #.......     100%        4    #####..
 Summon Ice Beast         Ice/Summ       #.......     100%        4    #####..
 Summon Lightning Spire   Summ/Air       #.......     100%        4    #####..
 Agony                    Necr           #.......     100%        5    ######.
 Lightning Bolt           Conj/Air       #.........   100%        5    ######.
 Summon Mana Viper        Hex/Summ       #.......     100%        5    ######.
 Venom Bolt               Conj/Pois      #.........   100%        5    ######.
 Bolt of Fire             Conj/Fire      #.........   100%        6    #######
 Dragon Form              Tmut           #.........   100%        7    #######
 Dragon's Call            Summ           #.........   100%        9    #######


Dungeon Overview and Level Annotations

Branches:
Dungeon (15/15)            Temple (1/1) D:6            Lair (6/6) D:9
  Swamp (4/4) Lair:3       Spider (4/4) Lair:4        Slime (0/5) Lair:5
    Orc (2/2) D:9             Elf (0/3) Orc:2        Vaults (0/5) D:13
 Depths (0/5) D:15

Altars:
Ashenzari
Cheibriados
Dithmenos
Elyvilon
Fedhas
Gozag
Hepliaklqana
Kikubaaqudgha
Makhleb
Nemelex Xobeh
Okawaru
Qazlal
Ru
Sif Muna
Trog
Uskayaw
Vehumet
Wu Jian
Xom
Yredelemnul
Zin
The Shining One
Beogh

Shops:
D:9 [[=   D:11 *   Orc:2 (=[*   Lair:4 *

Annotations:
D:4 Natasha
D:13 2 transporters, bananovenc's ghost, journeyman GrBe
Lair:3 1 runed door, mdsm's ghost, journeyman MiBe
Swamp:1 1 runed door, tidbits's ghost, journeyman FeTm


Innate Abilities, Weirdness & Mutations

You are small and have problems with some larger weapons.
You are somewhat resistant to further mutation.


Message History

The alligator closely misses you.
You completely miss the alligator.
The alligator is severely wounded.
The alligator completely misses you.
You riposte.
You slash the alligator! You burn the alligator.
The alligator is severely wounded.
You block the alligator's attack. The swamp worm misses you.
The alligator bites you but does no damage.
The alligator misses you.
You slash the alligator! You burn the alligator!
You kill the alligator!
Your Armour skill increases to level 17!
The alligator bites you!!
* * * LOW HITPOINT WARNING * * *
The alligator completely misses you. You block the swamp worm's attack.
You closely miss the alligator.
The alligator is severely wounded.
The alligator bites you!!
You die...
Your body crumbles into a pile of gold.

♣......♣♣
♣.≈(.≈≈≈♣♣ $
♣..≈.≈≈.≈♣
♣♣♣.≈≈≈≈.♣
♣≈.≈≈§≈≈.♣
♣♣.≈≈....♣♣♣♣♣♣ ≈
♣≈..<♣♣≈.≈♣≈≈≈♣♣.≈≈
♣..≈≈.♣♣..≈t$≈≈≈≈≈≈
♣...≈.♣≈≈§w@$.≈≈≈≈≈
♣≈..♣♣♣.≈≈≈...≈≈≈≈≈
♣♣♣♣♣♣♣.≈≈≈..≈≈≈≈≈≈
♣.≈≈§≈≈≈≈..≈≈≈≈≈
♣(≈≈$≈≈≈≈.≈...≈.
♣..<$≈≈≈≈......≈
♣....≈≈≈≈...≈....
♣.≈≈≈≈≈≈≈≈≈≈..≈≈≈.
♣.≈≈≈≈≈≈≈i.≈≈.≈


You could see an alligator and a swamp worm.

Vanquished Creatures
  Rupert (D:15)
  Kirke (Swamp:3)
  An orc warlord (Orc:2)
  2 ghost moths
  4 emperor scorpions
  5 entropy weavers
  A stone giant (Orc:1)
  A spark wasp (Spider:4)
  A dire elephant (D:15)
  Harold (Lair:2)
  15 hydras
  3 centaur warriors
  Erica (D:9)
  The ghost of Hebeqt the Cleaver, a novice MiBe of Trog (D:10)
  A catoblepas (Lair:5)
  26 alligators
  A queen ant (Lair:6)
  7 two-headed ogres
  2 tengu warriors (D:14)
  5 orc high priests
  An unseen horror (shapeshifter) (D:14)
  2 spriggan druids
  4 shambling mangroves
  A wizard (D:13)
  2 unseen horrors
  6 swamp dragons
  4 orc knights
  Pikel (D:7)
  A lindwurm (Lair:4)
  31 wolf spiders
  28 orb spiders
  A necromancer (D:13)
  A manticore (D:14)
  6 orc sorcerers
  A deep elf mage (D:14)
  2 cyclopes (D:11)
  A salamander (D:15)
  Joseph (D:7)
  A moth of wrath (Spider:3)
  3 black mambas
  13 spiny frogs
  3 torpor snails
  A rime drake (Lair:4)
  2 gargoyles
  4 komodo dragons
  2 redback zombies
  9 demonic crawlers
  2 tengu conjurers (D:15)
  3 meliai (D:14)
  A queen bee (Lair:3)
  8 trolls
  12 polar bears
  28 jumping spiders
  21 hornets
  9 tyrant leeches
  7 bog bodies
  17 blink frogs
  12 slime creatures
  A spriggan (shapeshifter) (D:15)
  12 hippogriffs
  A shadow (Swamp:1)
  17 spriggans
  30 yaks
  23 tarantellas
  61 redbacks
  2 wraiths
  2 hungry ghosts
  2 hogs (Swamp:3)
  8 wargs
  22 vampire mosquitoes
  17 soldier ants
  An acid dragon (D:13)
  23 insubstantial wisps
  13 swamp worms
  11 water moccasins
  10 porcupines
  Duvessa (D:4)
  34 orc warriors
  17 hell hounds (Lair:6)
  9 sky beasts
  8 swamp drakes
  11 black bears (Lair:6)
  17 ogres
  3 slaves
  A phantom (D:10)
  11 centaurs
  12 boggarts
  A necrophage (D:10)
  The ghost of highc0 the Vandal, an amateur HuWr (D:4)
  12 crocodiles
  19 wolves
  A big kobold (D:7)
  17 bullfrogs
  Dowan (D:4)
  A wyvern skeleton (D:10)
  6 scorpions
  26 killer bees
  10 wights
  5 electric eels
  A howler monkey (D:9)
  4 centaur zombies
  7 crimson imps
  2 quasits (D:11)
  3 bullfrog zombies
  16 jellies
  3 bullfrog skeletons
  13 orc priests
  4 centaur skeletons
  13 hounds
  Natasha (twice) (D:4)
  6 iguanas
  26 orc wizards
  25 worker ants
  A hound skeleton (D:4)
  A worker ant zombie (D:5)
  4 gnolls (D:9)
  14 adders
  4 shadow imps
  An ooze (D:5)
  An adder skeleton (D:6)
  An adder zombie (D:7)
  3 worms
  2 dart slugs
  6 leopard geckos
  95 orcs
  7 bats
  3 giant cockroaches
  6 goblins
  8 hobgoblins
  8 jackals
  5 quokkas
  2 ball pythons
  6 frilled lizards
  13 kobolds
  8 rats
1136 creatures vanquished.

Vanquished Creatures (collateral kills)
  An orb spider (Spider:3)
  A tarantella (Spider:3)
2 creatures vanquished.

Vanquished Creatures (others)
  A jumping spider (Spider:3)
  A human (Swamp:4)
  A swamp worm (Swamp:3)
  A slave (D:7)
  2 orc wizards
  An adder (D:7)
  A bush (D:14)
  15 fungi
  20 plants
43 creatures vanquished.

Grand Total: 1181 creatures vanquished

Notes
Turn   | Place    | Note
-------+----------+-------------------------------------------
     0 | D:1      | Jerry the Halfling Fighter began the quest for the Orb.
     0 | D:1      | Reached XP level 1. HP: 15/15 MP: 1/1
    56 | D:1      | Reached XP level 2. HP: 8/20 MP: 2/2
   359 | D:1      | Reached skill level 1 in Dodging
   361 | D:1      | Reached XP level 3. HP: 20/25 MP: 3/3
  1068 | D:3      | Reached XP level 4. HP: 26/31 MP: 4/4
  1264 | D:3      | Noticed an ogre
  1690 | D:2      | Found a stormy altar of Qazlal.
  2058 | D:3      | Killed an ogre
  2058 | D:3      | Reached skill level 4 in Armour
  2058 | D:3      | Reached XP level 5. HP: 7/36 MP: 5/5
  2723 | D:3      | Found a sacrificial altar of Ru.
  2897 | D:4      | Reached XP level 6. HP: 39/43 MP: 6/6
  2907 | D:4      | Noticed Dowan
  2907 | D:4      | Noticed Duvessa
  2958 | D:4      | Killed Duvessa
  2958 | D:4      | Reached XP level 7. HP: 37/48 MP: 7/7
  2963 | D:4      | Reached skill level 5 in Armour
  2970 | D:4      | Killed Dowan
  3167 | D:4      | Noticed Natasha
  3184 | D:4      | Killed Natasha
  3272 | D:4      | Reached XP level 8. HP: 54/54 MP: 8/8
  3327 | D:4      | Found an iron altar of Okawaru.
  3610 | D:4      | Noticed Natasha
  3614 | D:4      | Noticed highc0's ghost (amateur HuWr)
  3616 | D:4      | Killed Natasha
  3617 | D:4      | Found a runed gate.
  3617 | D:4      | Found a runed gate.
  3622 | D:4      | Found a runed gate.
  3632 | D:4      | Found a roughly hewn altar of Beogh.
  3692 | D:4      | Killed highc0's ghost
  3918 | D:3      | Got a ripped robe
  3919 | D:3      | Identified the +2 robe "Zollon" {MR+ rCorr Dex+3 Stlth-}
                  | (You took it off an orc on level 3 of the Dungeon)
  3995 | D:4      | Got a sapphire-encrusted scale mail
  3998 | D:4      | Identified the cursed +0 scale mail "Looxt" {-Cast rPois
                  | rN+++ Int-4} (You took it off an orc on level 4 of the
                  | Dungeon)
  4076 | D:4      | Noticed Natasha
  4077 | D:5      | Entered Level 5 of the Dungeon
  4132 | D:5      | Reached skill level 5 in Fighting
  4339 | D:5      | Found a basalt altar of Yredelemnul.
  4362 | D:5      | Reached skill level 5 in Long Blades
  4455 | D:5      | Reached skill level 6 in Armour
  4508 | D:5      | Reached skill level 5 in Dodging
  4738 | D:5      | Found a sparkling altar of Nemelex Xobeh.
  5446 | D:6      | Found a staircase to the Ecumenical Temple.
  5471 | Temple   | Entered the Ecumenical Temple
  5549 | Temple   | Became a worshipper of Gozag Ym Sagoz the Greedy
  5721 | D:6      | Reached XP level 9. HP: 52/61 MP: 9/9
  5889 | D:6      | Found a radiant altar of Vehumet.
  6356 | D:7      | Noticed Pikel
  6402 | D:6      | Reached skill level 7 in Armour
  6590 | D:7      | Killed Pikel
  6849 | D:7      | Reached XP level 10. HP: 39/69 MP: 10/10
  6959 | D:7      | Reached skill level 8 in Armour
  7204 | D:7      | Noticed Joseph
  7226 | D:7      | Killed Joseph
  7745 | D:8      | Noticed a gargoyle
  8368 | D:8      | Found a hide-covered altar of Uskayaw.
  8369 | D:8      | Found a glowing golden altar of the Shining One.
  8421 | D:8      | Killed a gargoyle
  8421 | D:8      | Reached skill level 9 in Armour
  8637 | D:9      | Noticed a two-headed ogre
  8644 | D:8      | Reached XP level 11. HP: 75/76 MP: 11/11
  9382 | D:9      | Killed a two-headed ogre
  9736 | D:9      | Noticed Erica
  9745 | D:9      | Killed Erica
  9982 | D:9      | Reached skill level 10 in Armour
 10016 | D:10     | Entered Level 10 of the Dungeon
 10247 | D:10     | Noticed a two-headed ogre
 10257 | D:10     | Killed a two-headed ogre
 10397 | D:10     | Found a runed gate.
 10397 | D:10     | Found a runed gate.
 10397 | D:10     | Found a runed gate.
 10399 | D:10     | Noticed Hebeqt's ghost (novice MiBe)
 10652 | D:11     | Reached XP level 12. HP: 84/84 MP: 12/12
 10812 | D:11     | Reached skill level 10 in Dodging
 10861 | D:11     | Killed an unseen horror
 10963 | D:11     | Found a shadowy altar of Dithmenos.
 11600 | D:12     | Noticed a seven-headed hydra
 11620 | D:12     | Killed a one-headed hydra
 11917 | D:12     | Reached skill level 11 in Armour
 11973 | D:12     | Reached skill level 10 in Long Blades
 13064 | D:13     | Noticed a centaur warrior
 13076 | D:13     | Killed a centaur warrior
 13236 | D:13     | Found a transporter.
 13237 | D:13     | Noticed bananovenc's ghost (journeyman GrBe)
 13237 | D:13     | Noticed a frost giant
 13237 | D:13     | Noticed a two-headed ogre
 13238 | D:13     | Noticed a two-headed ogre
 13238 | D:13     | Noticed a two-headed ogre
 13246 | D:13     | Noticed a two-headed ogre
 13256 | D:13     | Found a transporter.
 13387 | D:13     | Noticed a two-headed ogre
 13401 | D:13     | Killed a two-headed ogre
 13589 | D:13     | Noticed a two-headed ogre
 13599 | D:13     | Reached skill level 10 in Fighting
 13599 | D:13     | Reached XP level 13. HP: 64/92 MP: 13/13
 13784 | D:13     | Found a gate to the Vaults.
 14068 | D:9      | Found a staircase to the Lair.
 14217 | D:9      | Found a staircase to the Orcish Mines.
 14448 | D:9      | Found a burning altar of Makhleb.
 14500 | Lair:1   | Entered Level 1 of the Lair of Beasts
 14772 | Lair:1   | Reached skill level 12 in Armour
 14861 | Lair:1   | Noticed a four-headed hydra
 14868 | Lair:1   | Killed a one-headed hydra
 15391 | Lair:1   | Noticed a six-headed hydra
 15400 | Lair:1   | Killed a one-headed hydra
 15992 | D:9      | Bought the ring "Zuan" {rC+ Dex+7 SInv} for 699 gold pieces
 16723 | Lair:2   | Noticed Harold
 16732 | Lair:2   | Killed Harold
 17378 | Lair:3   | Found a runed door.
 17380 | Lair:3   | Noticed mdsm's ghost (journeyman MiBe)
 17436 | Lair:3   | Found a staircase to the Swamp.
 17805 | Lair:3   | Reached XP level 14. HP: 97/101 MP: 14/14
 18211 | Lair:3   | You fall through a shaft for 3 floors!
 18211 | Lair:6   | Entered Level 6 of the Lair of Beasts
 19304 | Lair:4   | Found a hole to the Spider Nest.
 19320 | Lair:4   | Reached skill level 13 in Armour
 20635 | Lair:5   | Found a staircase to the Slime Pits.
 21334 | Lair:6   | Noticed an entropy weaver
 21347 | Lair:6   | Killed an entropy weaver
 22278 | Lair:6   | Reached XP level 15. HP: 89/108 MP: 15/15
 22854 | Lair:6   | Reached skill level 14 in Armour
 23304 | Orc:1    | Entered Level 1 of the Orcish Mines
 23448 | D:9      | Bought a pair of scorched boots for 190 gold pieces
 23449 | D:9      | Identified the +1 pair of boots "Uthrotut" {Str+2 Dex+4}
                  | (You bought it in a shop on level 9 of the Dungeon)
 23481 | Orc:2    | Entered Level 2 of the Orcish Mines
 23802 | Orc:2    | Paralysed by an orc sorcerer for 4 turns
 24164 | Orc:2    | Found Osuefrum's Antique Weapon Boutique.
 24197 | Orc:2    | Found a staircase to the Elven Halls.
 24319 | Orc:2    | Found Boczam's Jewellery Emporium.
 24322 | Orc:2    | Noticed a stone giant
 24372 | Orc:2    | Noticed an orc warlord
 24393 | Orc:1    | Killed a stone giant
 24588 | Orc:2    | Killed an orc warlord
 24780 | Orc:2    | Found Cycybo's Antique Armour Boutique.
 25025 | Orc:2    | Found Tewup's General Store.
 25601 | Orc:2    | Bought gold dragon scales for 2080 gold pieces
 25721 | D:10     | Killed Hebeqt's ghost
 26397 | D:14     | Reached XP level 16. HP: 108/116 MP: 16/16
 27229 | D:15     | Entered Level 15 of the Dungeon
 27431 | D:15     | Identified Noil's Handbook of Evil Beguiling
 27623 | D:15     | Found a staircase to the Depths.
 27795 | D:15     | Noticed Rupert
 27820 | D:15     | Paralysed by Rupert for 2 turns
 27834 | D:15     | Killed Rupert
 28299 | Spider:1 | Entered Level 1 of the Spider Nest
 28760 | Spider:1 | Reached skill level 15 in Armour
 30082 | Spider:2 | Reached skill level 15 in Dodging
 31331 | Spider:2 | Reached XP level 17. HP: 62/123 MP: 17/17
 31547 | Spider:2 | Reached skill level 15 in Long Blades
 32336 | Spider:4 | Entered Level 4 of the Spider Nest
 32842 | Spider:4 | Paralysed by a hornet for 1 turns
 33935 | Spider:4 | Reached skill level 16 in Armour
 34685 | Spider:4 | Reached XP level 18. HP: 83/131 MP: 18/18
 34893 | Spider:4 | Got a gossamer rune of Zot
 35129 | Swamp:1  | Entered Level 1 of the Swamp
 35211 | Swamp:1  | Reached skill level 1 in Stealth
 35541 | Swamp:1  | Found a runed door.
 35542 | Swamp:1  | Found a shimmering altar of Xom.
 35542 | Swamp:1  | Noticed tidbits's ghost (journeyman FeTm)
 35933 | Swamp:1  | Got a pair of ichor-stained boots
 35935 | Swamp:1  | Identified a scroll of acquirement
 35936 | Swamp:1  | Identified the +0 pair of boots of Wun Ucaipt {Dex+4} (You
                  | found it on level 1 of the Swamp)
 37217 | Swamp:2  | Found a transporter.
 37353 | Swamp:2  | Found a transporter.
 37620 | Swamp:2  | Got a warped glass ring
 37634 | Swamp:2  | Got a shimmering silver ring
 37637 | Swamp:2  | Got a distressingly furry buckler
 37638 | Swamp:2  | Identified the +3 buckler of the Journeyman {rF+++ Str+3
                  | Int-3 SInv} (You found it on level 2 of the Swamp)
 37639 | Swamp:2  | Identified the cursed ring "Etetz" {rElec Dex-4 Slay+4}
                  | (You found it on level 2 of the Swamp)
 37640 | Swamp:2  | Identified the ring "Enisun" {rC+ MR++} (You found it on
                  | level 2 of the Swamp)
 37833 | Swamp:3  | Found a glowing golden altar of the Shining One.
 38067 | Swamp:3  | Reached skill level 5 in Stealth
 38549 | Swamp:4  | Entered Level 4 of the Swamp
 38549 | Swamp:4  | Noticed Kirke
 38576 | Swamp:3  | Killed Kirke
 38627 | Swamp:3  | Reached XP level 19. HP: 48/137 MP: 19/19
 38842 | Swamp:4  | Reached skill level 17 in Armour
 38843 | Swamp:4  | Slain by an alligator

Skill      XL: |  1  2  3  4  5  6  7  8  9 10 11 12 13 14 15 16 17 18 19 |
---------------+----------------------------------------------------------+-----
Dodging        | 1 2 3 4 5 6 8 9 11 12 13 14 15 16 | 16.8
Fighting       | 3 4 5 6 7 8 10 11 12 13 14 | 14.7
Long Blades    | 3 4 5 6 8 9 10 11 12 13 14 15 16 | 16.3
Armour         | 4 5 6 7 9 10 11 12 13 14 15 16 17 | 17.0
Shields        | 4 |  4.0
Stealth        | 5 |  5.9

Action                   |  1- 3 |  4- 6 |  7- 9 | 10-12 | 13-15 | 16-18 | 19-21 || total
-------------------------+-------+-------+-------+-------+-------+-------+-------++-------
Melee: Long sword        |   131 |    84 |   503 |   434 |       |       |       ||  1152
       Scimitar          |       |       |       |   392 |  1518 |  1798 |    32 ||  3740
Invok: Potion Petition   |       |       |     1 |       |       |       |       ||     1
       Call Merchant     |       |       |       |     2 |     2 |     1 |       ||     5
 Abil: Evoke Berserk Rag |       |       |       |     7 |     3 |       |       ||    10
Evoke: Lightning rod     |       |       |       |       |     1 |     6 |       ||     7
       Wand              |       |       |       |       |     2 |    10 |       ||    12
  Use: Potion            |       |     2 |       |       |       |       |       ||     2
       Scroll            |       |       |    11 |     8 |    20 |    13 |       ||    52
 Stab: Distracted        |       |       |       |     5 |    15 |    12 |       ||    32
       Confused          |       |       |       |       |       |     5 |       ||     5
  Eat: Chunk             |     1 |     6 |    10 |       |       |       |       ||    17
       Ration            |       |       |     1 |    10 |    14 |    12 |       ||    37
Armor: Scale mail        |    80 |    49 |   234 |   262 |   306 |       |       ||   931
       Gold dragon scale |       |       |       |       |    51 |  1053 |    44 ||  1148
Dodge: Dodged            |    96 |    71 |   353 |   662 |  1260 |  1630 |    54 ||  4126
       Deflected         |       |       |       |       |       |    11 |     3 ||    14
Block: Shield            |    27 |       |       |       |       |       |       ||    27
       Buckler           |       |       |       |       |   307 |   873 |    30 ||  1210
       Rpst.: Long sword |    43 |    21 |   107 |    92 |       |       |       ||   263
       Scimitar          |       |       |       |    86 |   287 |   326 |     7 ||   706
